 Dungeon Crawl Stone Soup version 0.20.0-10-g0535bb4 (webtiles) character file.

141340 kuniqs the Warrior (level 16, -1/228 HPs)
             Began as a Minotaur Fighter on June 3, 2017.
             Was a High Priest of Trog.
             Succumbed to a naga's splash of poison
             ... on level 2 of the Snake Pit.
             The game lasted 00:53:48 (26281 turns).

kuniqs the Warrior (Minotaur Fighter)              Turns: 26281, Time: 00:53:49

Health: -1/228     AC: 35    Str: 24    XL:     16   Next: 78%
Magic:  15/15      EV: 11    Int:  5    God:    Trog [*****.]
Gold:   2820       SH: 16    Dex: 15    Spells: 15/15 levels left

rFire    + + .     SeeInvis +   R - +5 broad axe (elec)
rCold    + . .     Gourm    .   j - +1 shield {AC+3}
rNeg     + . .     Faith    .   V - +7 plate armour "Qaggust" {rElec}
rPois    .         Spirit   .   (helmet restricted)
rElec    +         Reflect  .   o - +2 cloak {rF+}
rCorr    .         Harm     .   T - +1 pair of gloves
MR       ++++.                  p - +0 pair of boots
Stlth    ..........             I - amulet of regeneration
Regen    1.9/turn               s - ring of Duilefekh {rC+ MR+}
MPRegen  0.2/turn               W - ring of Yesterday {rF+ rN+ Str-4 SInv}

@: berserking (expiring), lethally poisoned (-1 -> -28), no potions, no scrolls,
starving, regenerating, very quick
A: retaliatory headbutt, horns 2, inability to drink while threatened, inability
to read while threatened, no conjurations magic, no necromancy magic, no poison
magic, reduced EV 1, inexperienced 1
a: Berserk, Trog's Hand, Brothers in Arms, Burn Spellbooks, Renounce Religion


You were on level 2 of the Snake Pit.
You worshipped Trog.
Trog was extremely pleased with you.
You were starving.

You visited 6 branches of the dungeon, and saw 28 of its levels.
You also visited: Labyrinth, Ice Cave and Volcano.

You collected 3459 gold pieces.
You spent 639 gold pieces at shops.

Inventory:

Hand Weapons
 N - a +1 hand axe of flaming
 R - a +5 broad axe of electrocution (weapon)
Missiles
 P - a throwing net (quivered)
Armour
 j - a +1 shield of protection (worn)
 o - a +2 cloak of fire resistance (worn)
 p - a +0 pair of boots (worn)
 v - +0 swamp dragon scales
 B - a +0 large shield
 T - a +1 pair of gloves (worn)
 V - the +7 plate armour "Qaggust" (worn) {rElec}
   (You found it in a labyrinth)

   It insulates you from electricity.
Jewellery
 s - the ring of Duilefekh (left hand) {rC+ MR+}
   (You bought it in a shop on level 2 of the Orcish Mines)

   [ring of protection from cold]

   It protects you from cold.
   It affects your resistance to hostile enchantments.
 I - an amulet of regeneration (around neck)
 S - an uncursed ring of resist corrosion
 W - the ring of Yesterday (right hand) {rF+ rN+ Str-4 SInv}
   (You found it in a labyrinth)

   [ring of see invisible]

   It affects your strength (-4).
   It protects you from fire.
   It protects you from negative energy.
   It lets you see invisible.
Wands
 h - a wand of digging (13/24)
 y - a wand of clouds (1/9)
 F - a wand of enslavement (8/24)
 J - a wand of iceblast (8/15)
 X - a wand of clouds (3/9)
 Y - a wand of confusion (17/48)
 Z - a wand of iceblast (4/15)
Scrolls
 a - a scroll of immolation
 c - 8 scrolls of fear
 i - 2 scrolls of recharging
 k - 4 scrolls of fog
 l - 11 scrolls of remove curse {@r2}
 m - 10 scrolls of teleportation
 t - a scroll of enchant armour
 z - a scroll of blinking
 D - a scroll of silence {unknown}
 M - 2 scrolls of summoning
 Q - a scroll of magic mapping
Potions
 b - 14 potions of curing {@q1}
 g - a potion of haste
 n - 5 potions of resistance
 r - 5 potions of flight
 w - a potion of invisibility
 A - a potion of agility
 E - 5 potions of heal wounds
 G - a potion of cancellation
 H - a potion of mutation
 L - 5 potions of might
Miscellaneous
 C - a phantom mirror
 O - a lightning rod (4/4)
 U - a lamp of fire
Comestibles
 d - 13 bread rations
 e - 15 meat rations
 f - 23 fruits
 q - 8 royal jellies


   Skills:
 + Level 16.5 Fighting
 + Level 16.2 Axes
 + Level 16.0 Armour
 + Level 14.7 Dodging
 + Level 16.3 Shields


You had 15 spell levels left.
You didn't know any spells.

Dungeon Overview and Level Annotations

Branches:
Dungeon (13/15)            Temple (1/1) D:7            Lair (6/6) D:10
  Swamp (4/4) Lair:4        Snake (2/4) Lair:4        Slime (0/5) Lair:6
    Orc (2/2) D:9             Elf (0/3) Orc:2
 Vaults: D:13-14

Altars:
Ashenzari
Cheibriados
Dithmenos
Elyvilon
Fedhas
Gozag
Hepliaklqana
Kikubaaqudgha
Makhleb
Nemelex Xobeh
Okawaru
Qazlal
Ru
Sif Muna
Trog
Uskayaw
Vehumet
Xom
Yredelemnul
Zin
The Shining One
Beogh

Shops:
D:5 (   Orc:2 [(*=

Portals:
Trove: D:13 (give 8 potions of agility)

Annotations:
Lair:6 exclusion: 4 oklob plants


Innate Abilities, Weirdness & Mutations

You reflexively headbutt those who attack you in melee.
You have a pair of horns on your head.
You cannot drink potions while threatened.
You cannot read scrolls while threatened.
You cannot study or cast Conjurations magic.
You cannot study or cast Necromancy magic.
You cannot study or cast Poison magic.
You have somewhat slow reflexes. (EV -5)
You are somewhat inexperienced. (-2 XL)


Message History

The naga is almost dead.
* * * LOW HITPOINT WARNING * * *
You feel very sick. You block the naga's attack. The naga constricts you.
You slash the naga! Lightning courses through the naga!
You feel the power of Trog in you as your rage grows.
You kill the naga!
Trog accepts your kill.
* * * LOW HITPOINT WARNING * * *
You feel very sick.
* * * LOW HITPOINT WARNING * * *
You feel very sick.
Found 24 gold pieces.
Things that are here:
a trident; a robe You feel a strong urge to attack something.
* * * LOW HITPOINT WARNING * * *
You feel very sick.
Found a scroll of random uselessness.
You die...

#....................$..
#...............(.......
<.......................
...............).....#..
..............(†T.......
............#(()........
.....#......#))).......#
.....##....###........#
.....###..###>..@....##
#..).# #####.......###
##.... #.......## #....
#.....#### ##...
#.....## .....# ..?. .).


You could see a friendly deep troll (berserk).

Vanquished Creatures
  Frances (Swamp:1)
  Donald (Swamp:1)
  An orc warlord (Orc:2)
  Louise (Swamp:2)
  A frost giant (IceCv)
  Aizul (Snake:2)
  A dire elephant (Lair:6)
  Azrael (D:12)
  A minotaur (Lab)
  An ice dragon (Lair:4)
  2 naga warriors (Snake:1)
  4 ghost crabs
  13 hydras
  2 centaur warriors (D:11)
  The ghost of oki the Transmogrifier, a journeyman OpTm of Sif Muna (D:8)
  6 anacondas
  11 two-headed ogres
  8 alligators
  A queen ant (D:8)
  2 death yaks
  5 naga sharpshooters (Snake:2)
  2 shock serpents
  Urug (Orc:2)
  An orc high priest (Orc:2)
  3 skeletal warriors (D:12)
  An unseen horror (D:12)
  A shambling mangrove (Swamp:2)
  3 naga ritualists
  A sea snake (Lair:6)
  4 orc knights
  9 mana vipers
  3 swamp dragons
  2 manticores
  A salamander (Snake:1)
  A deep elf mage (D:12)
  2 ugly things
  A cyclops (D:13)
  Joseph (D:9)
  2 guardian serpents (Snake:1)
  11 elephants
  3 naga magi
  20 black mambas
  An ice statue (IceCv)
  28 spiny frogs
  5 rime drakes
  4 centaur skeletons
  2 gargoyles (Volcano)
  An efreet (Volcano)
  12 komodo dragons
  A merfolk (D:11)
  A queen bee (Lair:4)
  8 trolls
  5 tyrant leeches
  3 meliai (Lair:4)
  18 polar bears
  Grinder (D:3)
  2 wind drakes (Lair:6)
  9 hornets
  4 bog bodies
  15 blink frogs
  18 slime creatures
  7 dream sheep
  5 hippogriffs
  4 spriggans
  3 fire elementals (D:12)
  A shadow (Swamp:1)
  9 wyverns
  42 yaks
  A steam dragon (D:8)
  5 basilisks
  21 vampire mosquitoes
  11 swamp worms
  2 hungry ghosts (D:10)
  14 nagas
  16 insubstantial wisps (Swamp:1)
  Menkaure (D:7)
  13 soldier ants
  4 wargs
  13 water moccasins
  3 hell hounds (D:12)
  5 swamp drakes
  3 ice beasts
  5 porcupines
  21 orc warriors
  2 sky beasts
  9 black bears
  4 phantoms
  A necrophage (D:8)
  12 ogres
  13 wolves
  11 centaurs
  12 crocodiles
  3 big kobolds
  19 bullfrogs
  A wyvern zombie (D:12)
  5 scorpions
  40 killer bees
  A troll skeleton (Lab)
  4 wights (D:11)
  8 electric eels (D:11)
  6 howler monkeys
  3 crimson imps
  3 bullfrog zombies
  15 orc priests
  8 jellies
  15 orc wizards
  Crazy Yiuf (D:2)
  8 hounds
  5 bullfrog skeletons
  An iguana (D:10)
  2 gnoll shamans (D:11)
  Terence (D:3)
  35 worker ants
  An ogre skeleton (Lab)
  A hound zombie (D:9)
  A hound skeleton (D:4)
  12 adders
  A gnoll (D:1)
  4 shadow imps
  19 oozes
  An adder zombie (D:7)
  2 adder skeletons
  4 worms
  A dart slug (D:1)
  6 leopard geckos
  72 orcs
  3 ball pythons
  4 giant cockroaches
  8 goblins
  9 hobgoblins
  9 jackals
  15 kobolds
  3 quokkas
  6 bats
  4 frilled lizards
  A leopard gecko zombie (D:6)
  2 quokka skeletons
  4 rats
  4 fungi
  5 plants
935 creatures vanquished.

Vanquished Creatures (collateral kills)
  Asterion (Snake:1)
  The ghost of dobroeutro the Severer, a journeyman MiFi of Okawaru (Orc:2)
  A merfolk avatar (Lair:6)
  An anaconda (Snake:2)
  A naga sharpshooter (Snake:2)
  2 orc sorcerers (Orc:2)
  7 dream sheep (Lair:6)
  A naga (Snake:2)
  2 orc warriors (Orc:2)
  An orc priest (Orc:2)
  2 orc wizards (Orc:2)
20 creatures vanquished.

Vanquished Creatures (others)
  A skeletal warrior (D:12)
  A gargoyle (Volcano)
  A komodo dragon (Lair:2)
  2 polar bears (IceCv)
  A hippogriff (D:11)
  A slime creature (D:12)
  A yak (IceCv)
  An orc warrior (D:11)
  6 wolves (IceCv)
  2 bullfrogs
  An orc priest (D:11)
  An adder (D:11)
  A quokka zombie (D:8)
  A fungus (D:12)
  17 plants
38 creatures vanquished.

Grand Total: 993 creatures vanquished

Notes
Turn   | Place    | Note
-------+----------+-------------------------------------------
     0 | D:1      | kuniqs the Minotaur Fighter began the quest for the Orb.
     0 | D:1      | Reached XP level 1. HP: 19/19 MP: 0/0
   162 | D:1      | Reached XP level 2. HP: 27/27 MP: 1/1
   335 | D:1      | Reached skill level 1 in Dodging
   461 | D:1      | Reached XP level 3. HP: 33/33 MP: 2/2
  1004 | D:2      | Found a runed door.
  1008 | D:2      | Noticed Crazy Yiuf
  1014 | D:2      | Killed Crazy Yiuf
  1014 | D:2      | Reached XP level 4. HP: 41/41 MP: 3/3
  1190 | D:3      | Reached XP level 5. HP: 10/47 MP: 4/4
  1539 | D:3      | Noticed Terence
  1558 | D:3      | Killed Terence
  1690 | D:3      | Noticed Grinder
  1695 | D:3      | Killed Grinder
  1695 | D:3      | Reached skill level 5 in Fighting
  1695 | D:3      | Reached skill level 5 in Armour
  1695 | D:3      | Reached skill level 5 in Shields
  1695 | D:3      | Reached XP level 6. HP: 56/56 MP: 5/5
  1846 | D:4      | Reached XP level 7. HP: 46/61 MP: 6/6
  2275 | D:4      | Found a shattered altar of Ashenzari.
  2577 | D:5      | Entered Level 5 of the Dungeon
  2861 | D:5      | Reached skill level 5 in Axes
  2861 | D:5      | Reached XP level 8. HP: 61/71 MP: 7/7
  3095 | D:5      | Found a deep blue altar of Sif Muna.
  3230 | D:5      | Found Miheas's Weapon Emporium.
  3448 | D:6      | Found a blossoming altar of Fedhas.
  3668 | D:6      | Reached skill level 5 in Dodging
  3729 | D:6      | Found an iron altar of Okawaru.
  4555 | D:7      | Noticed a hippogriff
  4563 | D:7      | Killed a hippogriff
  4563 | D:7      | Reached XP level 9. HP: 78/79 MP: 8/8
  4712 | D:7      | Noticed Menkaure
  4719 | D:7      | Killed Menkaure
  5286 | D:7      | You fall through a shaft for 3 floors!
  5286 | D:10     | Entered Level 10 of the Dungeon
  5344 | D:9      | Noticed a two-headed ogre
  5367 | D:9      | Killed a two-headed ogre
  5522 | D:9      | Noticed Joseph
  5704 | D:8      | Noticed a two-headed ogre
  5711 | D:8      | Reached XP level 10. HP: 79/90 MP: 9/9
  5717 | D:8      | Killed a two-headed ogre
  5846 | D:7      | Found a staircase to the Ecumenical Temple.
  5853 | Temple   | Entered the Ecumenical Temple
  5941 | Temple   | Became a worshipper of Ru the Awakened
  6212 | D:8      | Noticed a queen ant
  6670 | D:8      | Killed a queen ant
  6823 | D:8      | Noticed oki's ghost (journeyman OpTm)
  6846 | D:8      | Killed oki's ghost
  6928 | D:8      | Reached skill level 10 in Shields
  6984 | D:8      | Reached XP level 11. HP: 71/99 MP: 10/10
  7038 | D:8      | Reached skill level 10 in Armour
  7039 | D:8      | Reached skill level 10 in Fighting
  7443 | D:8      | Gained mutation: You are somewhat inexperienced. (-2 XL) [Ru sacrifice]
  7443 | D:8      | Reached XP level 10. HP: 93/93 MP: 9/9
  7443 | D:8      | Reached XP level 9. HP: 85/85 MP: 8/8
  7443 | D:8      | Reached * piety under Ru
  7443 | D:8      | Reached ** piety under Ru
  7814 | D:9      | Noticed a two-headed ogre
  7826 | D:9      | Killed a two-headed ogre
  7843 | D:9      | Killed Joseph
  8074 | D:9      | Found a staircase to the Orcish Mines.
  8142 | D:9      | Found a hide-covered altar of Uskayaw.
  8429 | D:10     | Found a staircase to the Lair.
  8430 | D:10     | Noticed a komodo dragon
  8487 | D:10     | Killed a komodo dragon
  8487 | D:10     | Reached XP level 10. HP: 78/94 MP: 9/9
  8853 | D:10     | Noticed a three-headed hydra
  8877 | D:9      | Killed a three-headed hydra
  9042 | D:10     | Reached skill level 10 in Axes
  9601 | D:11     | Noticed a green ugly thing
  9606 | D:11     | Gained mutation: You have somewhat slow reflexes. (EV -5) [Ru sacrifice]
  9606 | D:11     | Reached *** piety under Ru
  9624 | D:11     | Killed a green ugly thing
  9624 | D:11     | Reached XP level 11. HP: 93/102 MP: 10/10
  9965 | D:11     | Noticed a two-headed ogre
  9977 | D:11     | Killed a two-headed ogre
 10453 | D:11     | Noticed a centaur warrior
 10472 | D:11     | Killed a centaur warrior
 10476 | D:11     | Noticed a two-headed ogre
 10478 | D:11     | Reached skill level 10 in Dodging
 10489 | D:11     | Killed a two-headed ogre
 10614 | D:11     | Noticed a centaur warrior
 10624 | D:11     | Killed a centaur warrior
 10873 | D:11     | Found an ancient bone altar of Kikubaaqudgha.
 10939 | D:11     | Noticed a two-headed ogre
 10947 | D:11     | Killed a two-headed ogre
 10948 | D:11     | Noticed a two-headed ogre
 10954 | D:11     | Killed a two-headed ogre
 10962 | D:11     | Reached XP level 12. HP: 73/112 MP: 11/11
 10963 | D:11     | Noticed a two-headed ogre
 10971 | D:11     | Killed a two-headed ogre
 11808 | D:12     | Gained mutation: You cannot drink potions while threatened. [Ru sacrifice]
 11808 | D:12     | Reached **** piety under Ru
 11808 | D:12     | Reached ***** piety under Ru
 12123 | D:12     | Noticed Azrael
 12140 | D:12     | Killed Azrael
 12693 | D:13     | Found a portal to a secret trove of treasure.
 12697 | D:13     | Noticed a two-headed ogre
 12712 | D:13     | Killed a two-headed ogre
 12744 | D:13     | Found a labyrinth entrance.
 12752 | Lab      | Entered a labyrinth
 13002 | Lab      | Noticed a minotaur
 13010 | Lab      | Killed a minotaur
 13013 | Lab      | Got a scorched chain mail
 13013 | Lab      | Got a shimmering plate armour
 13013 | Lab      | Got a clouded lead ring
 13014 | Lab      | Identified the +7 plate armour "Qaggust" {rElec} (You found it in a labyrinth)
 13036 | Lab      | Identified the +0 chain mail "Woge" {Regen+ Int-4 Dex+5} (You found it in a labyrinth)
 13047 | Lab      | Identified the ring of Yesterday {rF+ rN+ Str-4 SInv} (You found it in a labyrinth)
 13187 | Lair:1   | Entered Level 1 of the Lair of Beasts
 13187 | Lair:1   | Noticed a four-headed hydra
 13194 | Lair:1   | Killed a one-headed hydra
 13203 | Lair:1   | Reached XP level 13. HP: 115/119 MP: 12/12
 13340 | Lair:1   | Gained mutation: You cannot study or cast Poison magic. [Ru sacrifice]
 13340 | Lair:1   | Gained mutation: You cannot study or cast Necromancy magic. [Ru sacrifice]
 13340 | Lair:1   | Gained mutation: You cannot study or cast Conjurations magic. [Ru sacrifice]
 13352 | Lair:1   | Found a dark tunnel.
 13361 | Volcano  | Entered a volcano
 15050 | Lair:3   | Gained mutation: You cannot read scrolls while threatened. [Ru sacrifice]
 15050 | Lair:3   | Reached ****** piety under Ru
 15051 | Lair:3   | Fell from the grace of Ru
 15288 | Temple   | Became a worshipper of Trog the Wrathful
 15565 | Lair:3   | Found a bloodstained altar of Trog.
 15869 | Lair:4   | Found a staircase to the Swamp.
 16259 | Lair:4   | Found a frozen archway.
 16277 | Lair:4   | Reached * piety under Trog
 16352 | IceCv    | Entered an ice cave
 16578 | IceCv    | Reached ** piety under Trog
 16723 | IceCv    | Reached XP level 14. HP: 130/130 MP: 13/13
 16789 | IceCv    | Noticed a frost giant
 16808 | IceCv    | Killed a frost giant
 17119 | Lair:4   | Reached *** piety under Trog
 17365 | Lair:4   | Reached **** piety under Trog
 17735 | Lair:4   | Found a staircase to the Snake Pit.
 18945 | Lair:6   | Entered Level 6 of the Lair of Beasts
 18945 | Lair:6   | Found a staircase to the Slime Pits.
 19211 | Lair:6   | Reached ***** piety under Trog
 19585 | Lair:6   | Reached XP level 15. HP: 139/139 MP: 14/14
 19913 | Lair:6   | Reached skill level 15 in Fighting
 20151 | Orc:1    | Entered Level 1 of the Orcish Mines
 20559 | Orc:2    | Entered Level 2 of the Orcish Mines
 20578 | Orc:2    | Received a gift from Trog
 20674 | Orc:2    | Found a roughly hewn altar of Beogh.
 20716 | Orc:2    | Found a roughly hewn altar of Beogh.
 21038 | Orc:2    | Noticed dobroeutro's ghost (journeyman MiFi)
 21061 | Orc:2    | Killed dobroeutro's ghost
 21061 | Orc:2    | Reached skill level 15 in Shields
 21089 | Orc:2    | Noticed an orc warlord
 21124 | Orc:2    | Killed an orc warlord
 21166 | Orc:2    | Noticed Urug
 21187 | Orc:2    | Killed Urug
 21237 | Orc:2    | Found a roughly hewn altar of Beogh.
 21259 | Orc:2    | Found Qigait's General Store.
 21405 | Orc:2    | Found Piano's Antique Weapon Shoppe.
 21412 | Orc:2    | Found Deneboeh's Jewellery Shoppe.
 21445 | Orc:2    | Found Engihupo's Antique Armour Shoppe.
 21486 | Orc:2    | Bought the ring of Duilefekh {rC+ MR+} for 639 gold pieces
 21582 | Orc:2    | Found a staircase to the Elven Halls.
 21980 | Swamp:1  | Entered Level 1 of the Swamp
 21980 | Swamp:1  | Noticed Frances
 22028 | Swamp:1  | Killed Frances
 22104 | Swamp:1  | Noticed Donald
 22110 | Swamp:1  | Received a gift from Trog
 22116 | Swamp:1  | Killed Donald
 22203 | Swamp:1  | Reached skill level 15 in Axes
 22238 | Swamp:1  | Reached skill level 15 in Armour
 23006 | Swamp:2  | Noticed Louise
 23021 | Swamp:2  | Killed Louise
 23260 | Swamp:2  | Received a gift from Trog
 23555 | Swamp:2  | Reached XP level 16. HP: 92/150 MP: 15/15
 24050 | Swamp:2  | Paralysed by a hornet for 2 turns
 24337 | Swamp:3  | Identified a scroll of acquirement
 24797 | Swamp:4  | Entered Level 4 of the Swamp
 24947 | Snake:1  | Entered Level 1 of the Snake Pit
 25162 | Snake:1  | Noticed Asterion
 25175 | Snake:1  | Killed Asterion
 25336 | Snake:1  | Received a gift from Trog
 26259 | Snake:2  | Noticed Aizul
 26271 | Snake:2  | Killed Aizul
 26277 | Snake:2  | HP: 11/228 [poisoned by a naga (splash of poison)]
 26279 | Snake:2  | HP: 5/228 [poisoned by a naga (splash of poison)]
 26280 | Snake:2  | HP: 2/228 [poisoned by a naga (splash of poison)]
 26281 | Snake:2  | Succumbed to a naga's splash of poison

Skill      XL: |  1  2  3  4  5  6  7  8  9 10 11 12 13 14 15 16 |
---------------+-------------------------------------------------+-----
Dodging        | 1 2 3 4 5 7 9 10 11 12 13 14 | 14.7
Fighting       | 4 5 6 7 8 11 10 12 13 14 15 16 | 16.5
Shields        | 4 5 6 7 8 11 12 13 14 15 16 | 16.3
Armour         | 4 5 6 7 8 9 11 12 13 14 15 16 | 16.0
Axes           | 3 4 5 6 7 10 11 12 13 14 15 16 | 16.2

Action                   |  1- 3 |  4- 6 |  7- 9 | 10-12 | 13-15 | 16-18 || total
-------------------------+-------+-------+-------+-------+-------+-------++-------
Melee: War axe           |    93 |    95 |   382 |   738 |  1477 |       ||  2785
       Headbutt          |    15 |    24 |    97 |   271 |   463 |   100 ||   970
       Hand axe          |       |       |       |   278 |   128 |    18 ||   424
       Flail             |       |       |       |     8 |       |       ||     8
       Broad axe         |       |       |       |       |   297 |   391 ||   688
Throw: Javelin           |       |       |       |     1 |       |       ||     1
Invok: Sacrifice Experie |       |       |     1 |       |       |       ||     1
       Sacrifice Health  |       |       |       |     1 |       |       ||     1
       Apocalypse        |       |       |       |     3 |       |       ||     3
       Sacrifice Drink   |       |       |       |     1 |       |       ||     1
       Burn Spellbooks   |       |       |       |       |     5 |     1 ||     6
       Sacrifice Words   |       |       |       |       |     1 |       ||     1
       Sacrifice Arcana  |       |       |       |       |     1 |       ||     1
       Renounce Religion |       |       |       |       |     1 |       ||     1
       Berserk           |       |       |       |       |     5 |     1 ||     6
       Trog's Hand       |       |       |       |       |     3 |     1 ||     4
       Brothers in Arms  |       |       |       |       |     2 |     2 ||     4
Evoke: Wand              |       |       |     4 |     6 |     2 |       ||    12
  Use: Potion            |       |     4 |       |     1 |     3 |     2 ||    10
       Scroll            |       |     2 |     1 |    11 |    20 |     5 ||    39
 Stab: Invisible         |       |       |       |     4 |     5 |       ||     9
       Paralysed         |       |       |       |     4 |     4 |       ||     8
       Distracted        |       |       |       |     1 |     3 |     1 ||     5
  Eat: Chunk             |     1 |     2 |    16 |    20 |    41 |    11 ||    91
       Fruit             |       |       |     1 |     1 |       |       ||     2
       Royal jelly       |       |       |       |     4 |     5 |       ||     9
       Meat ration       |       |       |       |     1 |       |       ||     1
       Bread ration      |       |       |       |       |     2 |       ||     2
Armor: Scale mail        |    32 |    30 |       |       |       |       ||    62
       Chain mail        |       |     3 |   142 |   188 |       |       ||   333
       Skin              |       |       |     6 |       |       |       ||     6
       Plate armour      |       |       |       |    96 |   753 |   128 ||   977
       Swamp dragon scal |       |       |       |       |    48 |    52 ||   100
Dodge: Dodged            |    32 |    21 |    75 |   135 |   270 |   144 ||   677
Block: Shield            |    40 |       |       |       |       |   278 ||   318
       Large shield      |    18 |    76 |   369 |   790 |  1600 |    87 ||  2940
